 Dungeon Crawl Stone Soup version 0.23.1 (webtiles) character file.

Game seed: 16806776717998835117

1071 dvd the Chiller (level 8, 0/44 HPs)
             Began as a Gargoyle Ice Elementalist on Mar 4, 2019.
             Was an Initiate of Vehumet.
             Slain by Menkaure (2 damage)
             ... on level 5 of the Dungeon.
             The game lasted 00:14:29 (5211 turns).

dvd the Chiller (Gargoyle Ice Elementalist)         Turns: 5211, Time: 00:14:31

Health: 0/44       AC: 13    Str: 13    XL:     8   Next: 28%
Magic:  6/16       EV: 13    Int: 15    God:    Vehumet [......]
Gold:   278        SH:  0    Dex: 12    Spells: 12/18 levels left

rFire    . . .     SeeInvis .   F - +1 hand axe (chop)
rCold    . . .     Gourm    .   (no shield)
rNeg     + . .     Faith    .   a - +0 robe
rPois    ∞         Spirit   .   (no helmet)
rElec    +         Reflect  .   (no cloak)
rCorr    +         Harm     .   (no gloves)
MR       .....                  (no boots)
Stlth    ++........             G - amulet of magic regeneration
HPRegen  0.14/turn              k - ring of resist corrosion
MPRegen  0.40/turn              (no ring)

@: icy armour
A: negative energy resistance 1, electricity resistance, unbreathing,
petrification resistance, rot immunity, AC +5
a: Renounce Religion


You were on level 5 of the Dungeon.
You worshipped Vehumet.
Vehumet was noncommittal.
You were not hungry.

You visited 2 branches of the dungeon, and saw 6 of its levels.

You collected 278 gold pieces.

Inventory:

Hand Weapons
 w - a +0 rapier
 x - a +0 hand axe
 B - a +0 whip of flaming
 F - a +1 hand axe of chopping (weapon)
 H - a +4 dagger
Armour
 a - a +0 robe (worn)
Jewellery
 k - a ring of resist corrosion (left hand)
 m - an uncursed amulet of faith
 G - an amulet of magic regeneration (around neck)
Wands
 p - a wand of disintegration (4)
 u - a wand of digging (1)
 y - a wand of iceblast (18)
Scrolls
 d - 5 scrolls of remove curse {unknown}
 f - 4 scrolls of teleportation {unknown}
 h - 2 scrolls of immolation {unknown}
 i - 5 scrolls of identify {unknown}
 l - a scroll of amnesia {unknown}
 n - a scroll of noise {unknown}
 q - a scroll of fog {unknown}
 t - a scroll of magic mapping {unknown}
 v - a scroll of blinking {unknown}
 z - 2 scrolls of enchant weapon {unknown}
 A - a scroll of random uselessness {unknown}
Potions
 b - 2 potions of brilliance {unknown}
 e - a potion of invisibility {unknown}
 g - 2 potions of cancellation {unknown}
 j - 2 potions of might {unknown}
 o - 4 potions of heal wounds {unknown}
 r - a potion of ambrosia {unknown}
 s - 3 potions of curing
 C - 2 potions of haste {unknown}
 D - a potion of lignification {unknown}
 E - a potion of agility {unknown}
Comestibles
 c - 5 rations
 I - 13 chunks of flesh


   Skills:
 + Level 1.9 Fighting
 + Level 2.1 Short Blades
 + Level 0.1 Axes
 + Level 2.9 Dodging
 + Level 3.5 Stealth
 + Level 5.6 Spellcasting
 + Level 1.7 Conjurations
 + Level 1.0 Charms
 + Level 5.7 Ice Magic


You had 12 spell levels left.
You knew the following spells:

 Your Spells              Type           Power        Failure   Level  Hunger
a - Freeze                Ice            ###.         1%          1    None
b - Throw Frost           Conj/Ice       ###...       4%          2    #......
c - Ozocubu's Armour      Chrm/Ice       ##......     12%         3    ###....

Your spell library contained the following spells:

 Spells                   Type           Power        Failure   Level  Hunger
 Throw Icicle             Conj/Ice       ###.....     32%         4    ####...
 Summon Ice Beast         Ice/Summ       ##......     43%         4    ####...


Dungeon Overview and Level Annotations

Branches:
Dungeon (5/15)             Temple (1/1) D:4

Altars:
Cheibriados
Dithmenos
Elyvilon
Fedhas
Gozag
Hepliaklqana
Kikubaaqudgha
Makhleb
Nemelex Xobeh
Okawaru
Qazlal
Ru
Sif Muna
Trog
Uskayaw
Vehumet
Wu Jian
Xom
Yredelemnul
Zin
The Shining One

Shops:
D:4 ?

Annotations:
D:5 Menkaure


Innate Abilities, Weirdness & Mutations

You are resistant to torment.
Your stone body is resilient. (AC +5)
You are immune to poison.
You resist negative energy. (rN+)
You are resistant to electric shocks. (rElec)
You can survive without breathing.
You are immune to petrification.
You are immune to rotting.


Message History

Unknown command.
It was a potion of curing.
You feel better. Menkaure misses you.
Unknown command.
Casting: Freeze (safe; 1% risk of failure)
Confirm with . or Enter, or press ? or * to list all spells.
Aiming: Freeze (safe; 1% risk of failure)
Press: ? - help, Shift-Dir - straight line, f/p - Menkaure
Aim: Menkaure (almost destroyed, fast) Menkaure completely resists.
You freeze Menkaure but do no damage. Menkaure hits you!
* * * LOW HITPOINT WARNING * * *
Casting: Freeze (safe; 1% risk of failure)
Confirm with . or Enter, or press ? or * to list all spells.
Aiming: Freeze (safe; 1% risk of failure)
Press: ? - help, Shift-Dir - straight line, f/p - Menkaure
Aim: Menkaure (almost destroyed, fast) Menkaure resists.
You freeze Menkaure.
Menkaure is almost destroyed.
Menkaure hits you.
You die...

.......))....).........
...............÷.......
...............).......
.......................
.......................
.......................
#######+####+##'#####+##
................
........@.......
.........M......
................
................
................
..........>..... +###
####..##..###... ...#
##+ #..# ##+ ...#


You could see Menkaure.

Vanquished Creatures
  Pikel (D:4)
  A sky beast (D:4)
  A phantom (D:4)
  A crimson imp (D:5)
  3 orc priests
  Jessica (D:3)
  An iguana (D:5)
  A worker ant (D:4)
  3 orc wizards
  A hound zombie (D:5)
  3 adders
  2 oozes
  An adder skeleton (D:5)
  A worm (D:4)
  2 dart slugs
  4 leopard geckos
  15 orcs
  3 giant cockroaches
  6 goblins
  8 hobgoblins
  8 jackals
  7 kobolds
  2 quokkas
  A ball python (D:1)
  8 bats
  5 frilled lizards
  9 rats
99 creatures vanquished.

Vanquished Creatures (others)
  A giant cockroach (D:4)
1 creature vanquished.

Grand Total: 100 creatures vanquished

Notes
Turn   | Place    | Note
-------+----------+-------------------------------------------
     0 | D:1      | dvd the Gargoyle Ice Elementalist began the quest for the
                  | Orb.
     0 | D:1      | Reached XP level 1. HP: 10/10 MP: 3/3
   273 | D:1      | Reached XP level 2. HP: 9/15 MP: 0/5
   663 | D:1      | Reached XP level 3. HP: 5/19 MP: 0/6
   718 | D:1      | Learned a level 2 spell: Throw Frost
  1571 | D:2      | Found a faded altar of an unknown god.
  2089 | D:2      | Reached XP level 4. HP: 24/24 MP: 0/7
  2378 | D:3      | Noticed Jessica
  2449 | D:3      | Killed Jessica
  2710 | D:3      | Learned a level 3 spell: Ozocubu's Armour
  2783 | D:3      | Reached XP level 5. HP: 23/28 MP: 4/10
  3125 | D:4      | Found Oqepory's Magic Scroll Shop.
  3198 | D:4      | Noticed a phantom
  3298 | D:4      | Killed a phantom
  3298 | D:4      | Reached skill level 1 in Short Blades
  3298 | D:4      | Reached XP level 6. HP: 14/33 MP: 8/11
  3303 | D:4      | Noticed a sky beast
  3334 | D:4      | Killed a sky beast
  3334 | D:4      | Reached skill level 1 in Fighting
  3620 | D:4      | Noticed a slave
  3621 | D:4      | Noticed a slave
  3621 | D:4      | Noticed Pikel
  3623 | D:4      | Noticed a slave
  3658 | D:4      | Killed Pikel
  3658 | D:4      | Reached skill level 5 in Ice Magic
  3658 | D:4      | Reached XP level 7. HP: 13/39 MP: 0/14
  3869 | D:4      | Found a staircase to the Ecumenical Temple.
  3961 | Temple   | Entered the Ecumenical Temple
  3984 | Temple   | Became a worshipper of Vehumet
  4522 | D:4      | Reached XP level 8. HP: 41/44 MP: 10/15
  4534 | D:4      | Reached skill level 5 in Spellcasting
  4726 | D:5      | Entered Level 5 of the Dungeon
  5081 | D:5      | Reached skill level 1 in Charms
  5193 | D:5      | Noticed Menkaure
  5208 | D:5      | HP: 1/44 [Menkaure/nerve-wracking pain (5)]
  5211 | D:5      | Slain by Menkaure

Skill      XL: |  1  2  3  4  5  6  7  8 |
---------------+-------------------------+-----
Ice Magic      | 4 5 |  5.7
Spellcasting   | 3 4 5 |  5.6
Dodging        | 2 |  2.9
Short Blades   | 1 2 |  2.1
Fighting       | 1 |  1.9
Stealth        | 3 |  3.5
Charms         | 1 |  1.0
Axes           | |  0.1
Conjurations   | |  1.7

Action                   |  1- 3 |  4- 6 |  7- 9 || total
-------------------------+-------+-------+-------++-------
Melee: Club              |    51 |       |       ||    51
       Short sword       |    13 |     5 |       ||    18
       Rapier            |       |    93 |    10 ||   103
       Whip              |       |       |     1 ||     1
       Hand axe          |       |       |    36 ||    36
 Cast: Freeze            |    58 |    41 |    40 ||   139
       Throw Frost       |     1 |     8 |    15 ||    24
       Ozocubu's Armour  |       |     5 |     3 ||     8
Evoke: Wand              |       |     1 |       ||     1
  Use: Potion            |       |       |     1 ||     1
 Stab: Sleeping          |     5 |     4 |     1 ||    10
  Eat: Chunk             |     5 |     6 |     5 ||    16
Armor: Robe              |    44 |    47 |    32 ||   123
Dodge: Dodged            |    84 |    67 |    63 ||   214
